EVO
UNIVERSITY OF ARIZONA WILDCATS @ UNIVERSITY OF SOUTH CAROLINA GAMECOCKS
11/18/2044
 
TOP OF THE 1ST
Mississippi State University Bulldogs batting - Pitching for Oregon State University Beavers : LHP Randolph Rayner
Pitching: LHP Randolph Rayner
Batting: RHB Kelly Cole 0-0: DOUBLE (Groundball, 5L, EV 97.5 MPH)
Batting: RHB Andy Cunningham 0-0: Ball
1-0: Ball
Wild Pitch!
Kelly Cole to third
2-0: Swinging Strike
2-1: Ball
3-1: Swinging Strike
3-2: Ground out 6-3 (Groundball, 6, EV 107.5 MPH)
Kelly Cole scores
Batting: RHB Steve Blackshear 0-0: Ball
1-0: Ball
2-0: Ball
3-0: Called Strike
3-1: Base on Balls
Batting: RHB Javier Solis 0-0: Called Strike
0-1: Ball
1-1: Ball
2-1: Ball
3-1: Called Strike
3-2: Foul Ball, location: 2F
3-2: Foul Ball, location: 2F
3-2: Fly out, F7 (Flyball, 7LS, EV 83.8 MPH)
Batting: RHB Dan Boykins 0-0: Ball
1-0: Called Strike
1-1: Swinging Strike
1-2: Foul Ball, location: 2F
1-2: Foul Ball, location: 2F
1-2: Foul Ball, location: 2F
1-2: Strikes out swinging
Top of the 1st over - 1 run, 1 hit, 0 errors, 1 left on base; Mississippi State University 1 - Oregon State University 0
BOTTOM OF THE 1ST
Oregon State University Beavers batting - Pitching for Mississippi State University Bulldogs : RHP Adam Thomas
Pitching: RHP Adam Thomas
Batting: SHB Berthold Frey 0-0: Foul Ball, location: 2F
0-1: Fly out, F1 (Line Drive, P, EV 66.3 MPH)
Batting: RHB Simon Leiker 0-0: Ball
1-0: Foul Ball, location: 2F
1-1: Ball
2-1: Fly out, F8 (Flyball, 8RD, EV 101.9 MPH)
Batting: RHB Sal Cervantes 0-0: Called Strike
0-1: Ground out 3-1 (Groundball, 13, EV 88.1 MPH)
Bottom of the 1st over - 0 runs, 0 hits, 0 errors, 0 left on base; Mississippi State University 1 - Oregon State University 0
TOP OF THE 2ND
Mississippi State University Bulldogs batting - Pitching for Oregon State University Beavers : LHP Randolph Rayner
Batting: RHB Katilimomi Kelekolio 0-0: Called Strike
0-1: Swinging Strike
0-2: Ball
1-2: Ball
2-2: Ground out 5-3 (Groundball, 56S, EV 65.6 MPH)
Batting: RHB Selam Chimsima 0-0: Ball
1-0: Ball
2-0: Called Strike
2-1: Swinging Strike
2-2: Ground out 6-3 (Groundball, 6, EV 101.3 MPH)
Batting: RHB Andy Schuett 0-0: Swinging Strike
0-1: Ball
1-1: SINGLE (Groundball, 56D, EV 100.0 MPH)
Batting: RHB Adam Thomas 0-0: Called Strike
0-1: Swinging Strike
0-2: Strikes out looking
Top of the 2nd over - 0 runs, 1 hit, 0 errors, 1 left on base; Mississippi State University 1 - Oregon State University 0
BOTTOM OF THE 2ND
Oregon State University Beavers batting - Pitching for Mississippi State University Bulldogs : RHP Adam Thomas
Batting: RHB Melvin Gomez 0-0: Ball
1-0: Called Strike
1-1: Ball
2-1: Foul Ball, location: 2F
2-2: Ground out U3 (Groundball, 34, EV 105.0 MPH)
Batting: RHB Gabe Gutierrez 0-0: Fly out, F7 (Flyball, 78D, EV 86.9 MPH)
Batting: RHB Chris Norris 0-0: Called Strike
0-1: Ball
1-1: Foul Ball, location: 2F
1-2: Ball
2-2: Strikes out swinging
Bottom of the 2nd over - 0 runs, 0 hits, 0 errors, 0 left on base; Mississippi State University 1 - Oregon State University 0
TOP OF THE 3RD
Mississippi State University Bulldogs batting - Pitching for Oregon State University Beavers : LHP Randolph Rayner
Batting: RHB Kelly Cole 0-0: Ball
1-0: Fly out, F6 (Flyball, 6MD, EV 88.1 MPH)
Batting: RHB Andy Cunningham 0-0: Swinging Strike
0-1: SINGLE (Groundball, 56S, EV 94.4 MPH)
Batting: RHB Steve Blackshear 0-0: SINGLE (Line Drive, 6D, EV 107.5 MPH)
Andy Cunningham to second
Throwing error, E7
Andy Cunningham scores
Steve Blackshear to second
Batting: RHB Javier Solis 0-0: Foul Ball, location: 2F
0-1: Ball
1-1: Called Strike
1-2: Ball
2-2: Ball
3-2: Ground out U3 (Groundball, 13, EV 84.4 MPH)
Steve Blackshear to third
Batting: RHB Dan Boykins 0-0: Called Strike
0-1: Ground out 4-3 (Groundball, 4S, EV 64.4 MPH)
Top of the 3rd over - 1 run, 2 hits, 1 error, 1 left on base; Mississippi State University 2 - Oregon State University 0
BOTTOM OF THE 3RD
Oregon State University Beavers batting - Pitching for Mississippi State University Bulldogs : RHP Adam Thomas
Batting: RHB Nick Tiernan 0-0: Swinging Strike
0-1: Swinging Strike
0-2: Ball
1-2: Ball
2-2: Foul Ball, location: 2F
2-2: Strikes out swinging, 2-3 out at first.
Batting: LHB Aaron Mobley 0-0: Ball
1-0: SOLO HOME RUN (Flyball, 78XD, EV 106.3 MPH) (Inside the Park)
Batting: LHB Randolph Rayner 0-0: Ball
1-0: Ball
2-0: Ball
3-0: Called Strike
3-1: Foul Ball, location: 2F
3-2: Foul Ball, location: 2F
3-2: Ground out 4-3 (Groundball, 34, EV 103.8 MPH)
Batting: SHB Berthold Frey 0-0: Called Strike
0-1: Swinging Strike
0-2: Strikes out swinging
Bottom of the 3rd over - 1 run, 1 hit, 0 errors, 0 left on base; Mississippi State University 2 - Oregon State University 1
TOP OF THE 4TH
Mississippi State University Bulldogs batting - Pitching for Oregon State University Beavers : LHP Randolph Rayner
Batting: RHB Katilimomi Kelekolio 0-0: Bunt for hit to 2L - play at first, batter OUT! 2-3
Batting: RHB Selam Chimsima 0-0: Ball
1-0: Called Strike
1-1: Swinging Strike
1-2: Strikes out swinging
Batting: RHB Andy Schuett 0-0: Called Strike
0-1: Ball
1-1: DOUBLE (Line Drive, 9LM, EV 90.0 MPH)
Batting: RHB Adam Thomas 0-0: DOUBLE (Flyball, 89D, EV 88.1 MPH)
Andy Schuett scores
Batting: RHB Kelly Cole 0-0: Ball
1-0: Ball
2-0: Swinging Strike
2-1: Ball
3-1: Ground out 6-3 (Groundball, 56D, EV 103.1 MPH)
Top of the 4th over - 1 run, 2 hits, 0 errors, 1 left on base; Mississippi State University 3 - Oregon State University 1
BOTTOM OF THE 4TH
Oregon State University Beavers batting - Pitching for Mississippi State University Bulldogs : RHP Adam Thomas
Batting: RHB Simon Leiker 0-0: Ground out 6-3 (Groundball, 6, EV 86.9 MPH)
Batting: RHB Sal Cervantes 0-0: Ground out 5-3 (Groundball, 5L, EV 110.6 MPH)
Batting: RHB Melvin Gomez 0-0: Ground out 6-3 (Groundball, 6, EV 88.1 MPH)
Bottom of the 4th over - 0 runs, 0 hits, 0 errors, 0 left on base; Mississippi State University 3 - Oregon State University 1
TOP OF THE 5TH
Mississippi State University Bulldogs batting - Pitching for Oregon State University Beavers : LHP Randolph Rayner
Batting: RHB Andy Cunningham 0-0: Ground out 5-3 (Groundball, 5, EV 87.5 MPH)
Batting: RHB Steve Blackshear 0-0: Foul Ball, location: 2F
0-1: Ball
1-1: Ball
2-1: SINGLE (Flyball, 8LS, EV 91.9 MPH)
Pitching: RHP Jason Witte
Batting: RHB Javier Solis 0-0: Ball
Steve Blackshear steals 2nd base
1-0: Ball
2-0: Fly out, F7 (Flyball, 7S, EV 89.4 MPH)
Batting: RHB Dan Boykins 0-0: Ball
1-0: Ball
2-0: Ball
3-0: Base on Balls
Batting: RHB Katilimomi Kelekolio 0-0: Ball
1-0: Fly out, F3 (Popup, 3SF, EV 81.3 MPH)
Top of the 5th over - 0 runs, 1 hit, 0 errors, 2 left on base; Mississippi State University 3 - Oregon State University 1
BOTTOM OF THE 5TH
Oregon State University Beavers batting - Pitching for Mississippi State University Bulldogs : RHP Adam Thomas
Batting: RHB Gabe Gutierrez 0-0: Ball
1-0: Called Strike
1-1: Foul Ball, location: 2F
1-2: Fly out, F4 (Line Drive, 4, EV 60.0 MPH)
Batting: RHB Chris Norris 0-0: Fly out, F9 (Line Drive, 9, EV 93.1 MPH)
Batting: RHB Nick Tiernan 0-0: Ball
1-0: Ball
2-0: Fly out, F8 (Line Drive, 8LM, EV 91.3 MPH)
Bottom of the 5th over - 0 runs, 0 hits, 0 errors, 0 left on base; Mississippi State University 3 - Oregon State University 1
TOP OF THE 6TH
Mississippi State University Bulldogs batting - Pitching for Oregon State University Beavers : RHP Jason Witte
Batting: RHB Selam Chimsima 0-0: Ball
1-0: Called Strike
1-1: Called Strike
1-2: Ball
2-2: Ball
3-2: Foul Ball, location: 2F
3-2: Strikes out looking
Batting: RHB Andy Schuett 0-0: Called Strike
0-1: Swinging Strike
0-2: Ball
1-2: Ball
2-2: Strikes out looking
Batting: RHB Adam Thomas 0-0: Foul Ball, location: 2F
0-1: Called Strike
0-2: Ball
1-2: Ball
2-2: Strikes out looking
Top of the 6th over - 0 runs, 0 hits, 0 errors, 0 left on base; Mississippi State University 3 - Oregon State University 1
BOTTOM OF THE 6TH
Oregon State University Beavers batting - Pitching for Mississippi State University Bulldogs : RHP Adam Thomas
Batting: LHB Aaron Mobley 0-0: Called Strike
0-1: Ball
1-1: Foul Ball, location: 2F
1-2: Strikes out looking
Pinch Hitting: RHB Nick Cummings 0-0: Ball
1-0: Ball
2-0: SINGLE (Line Drive, 9LS, EV 99.4 MPH)
Batting: SHB Berthold Frey 0-0: Ball
1-0: Fly out, F7 (Line Drive, 7, EV 109.4 MPH)
Batting: RHB Simon Leiker 0-0: Called Strike
0-1: Ball
1-1: Called Strike
1-2: Ball
2-2: Strikes out swinging
Bottom of the 6th over - 0 runs, 1 hit, 0 errors, 1 left on base; Mississippi State University 3 - Oregon State University 1
TOP OF THE 7TH
Mississippi State University Bulldogs batting - Pitching for Oregon State University Beavers : RHP Jason Witte
Pitching: RHP Howard Allen
Batting: RHB Kelly Cole 0-0: Called Strike
0-1: Called Strike
0-2: Strikes out swinging
Batting: RHB Andy Cunningham 0-0: Ground out 6-3 (Groundball, 6, EV 81.3 MPH)
Batting: RHB Steve Blackshear 0-0: Foul Ball, location: 2F
0-1: Foul Ball, location: 2F
0-2: Strikes out swinging
Top of the 7th over - 0 runs, 0 hits, 0 errors, 0 left on base; Mississippi State University 3 - Oregon State University 1
BOTTOM OF THE 7TH
Oregon State University Beavers batting - Pitching for Mississippi State University Bulldogs : RHP Adam Thomas
Batting: RHB Sal Cervantes 0-0: Ball
1-0: SINGLE (Groundball, 34D, EV 96.3 MPH)
Batting: RHB Melvin Gomez 0-0: Swinging Strike
0-1: Foul Ball, location: 2F
0-2: Grounds into double play, 6-4-3 (Groundball, 6, EV 91.3 MPH)
Batting: RHB Gabe Gutierrez 0-0: Ball
1-0: Ball
2-0: Ball
3-0: Foul Ball, location: 2F
3-1: Swinging Strike
3-2: Strikes out swinging
Bottom of the 7th over - 0 runs, 1 hit, 0 errors, 0 left on base; Mississippi State University 3 - Oregon State University 1
TOP OF THE 8TH
Mississippi State University Bulldogs batting - Pitching for Oregon State University Beavers : RHP Howard Allen
Batting: RHB Javier Solis 0-0: Foul Ball, location: 2F
0-1: Ball
1-1: Foul Ball, location: 2F
1-2: Foul Ball, location: 2F
1-2: Strikes out swinging
Batting: RHB Dan Boykins 0-0: Fly out, F8 (Line Drive, 8RD, EV 89.4 MPH)
Batting: RHB Katilimomi Kelekolio 0-0: Ball
1-0: Foul Ball, location: 2F
1-1: Ball
2-1: Ball
3-1: Base on Balls
Batting: RHB Selam Chimsima 0-0: Ball
1-0: Ball
2-0: Fly out, F7 (Flyball, 78D, EV 85.6 MPH)
Top of the 8th over - 0 runs, 0 hits, 0 errors, 1 left on base; Mississippi State University 3 - Oregon State University 1
BOTTOM OF THE 8TH
Oregon State University Beavers batting - Pitching for Mississippi State University Bulldogs : RHP Adam Thomas
Now in RF: Mark Backstrom
Batting: RHB Chris Norris 0-0: Called Strike
0-1: Foul Ball, location: 2F
0-2: Foul Ball, location: 2F
0-2: Ball
1-2: Strikes out swinging
Pitching: LHP Bill Ogren
Batting: RHB Nick Tiernan 0-0: Ball
1-0: Called Strike
1-1: Ball
2-1: Ball
3-1: Base on Balls
Batting: LHB Aaron Mobley 0-0: SINGLE (Groundball, 56D, EV 100.0 MPH)
Nick Tiernan to second
Pinch Hitting: RHB Puluke Konane 0-0: Ball
1-0: Ball
2-0: Foul Ball, location: 2F
2-1: Ball
3-1: Fly out, F4 (Popup, 34S, EV 80.0 MPH)
Batting: SHB Berthold Frey 0-0: Foul Ball, location: 2F
0-1: Ball
1-1: Swinging Strike
1-2: Strikes out looking
Bottom of the 8th over - 0 runs, 1 hit, 0 errors, 2 left on base; Mississippi State University 3 - Oregon State University 1
TOP OF THE 9TH
Mississippi State University Bulldogs batting - Pitching for Oregon State University Beavers : RHP Howard Allen
Pitching: RHP George Clarke
Batting: RHB Andy Schuett 0-0: Ball
1-0: Called Strike
1-1: Foul Ball, location: 2F
1-2: Ball
2-2: Ground out 6-3 (Groundball, 6, EV 91.9 MPH)
Pinch Hitting: LHB Yasutoshi Hayashi 0-0: Ball
1-0: Ball
2-0: Called Strike
2-1: Foul Ball, location: 2F
2-2: Strikes out swinging
Batting: RHB Kelly Cole 0-0: Swinging Strike
0-1: Reached on error, E8 (Line Drive, 8RD, EV 103.1 MPH)
Batting: RHB Andy Cunningham 0-0: Called Strike
0-1: Ball
1-1: Foul Ball, location: 2F
1-2: Strikes out swinging
Top of the 9th over - 0 runs, 0 hits, 1 error, 1 left on base; Mississippi State University 3 - Oregon State University 1
BOTTOM OF THE 9TH
Oregon State University Beavers batting - Pitching for Mississippi State University Bulldogs : LHP Bill Ogren
Pitching: RHP Nate Mull
Batting: RHB Simon Leiker 0-0: Ball
1-0: Foul Ball, location: 2F
1-1: Ball
2-1: Ball
3-1: Foul Ball, location: 2F
3-2: Fly out, F9 (Flyball, 9S, EV 81.3 MPH)
Batting: RHB Sal Cervantes 0-0: Ball
1-0: Fly out, F8 (Line Drive, 8LM, EV 93.1 MPH)
Batting: RHB Melvin Gomez 0-0: Called Strike
0-1: Foul Ball, location: 2F
0-2: Foul Ball, location: 2F
0-2: Ball
1-2: Ball
2-2: Fly out, F8 (Flyball, 8RD, EV 103.1 MPH)
Bottom of the 9th over - 0 runs, 0 hits, 0 errors, 0 left on base; Mississippi State University 3 - Oregon State University 1
Thursday, March 31st , 2022 - OOTP Baseball 22.12 Build 89